 Dungeon Crawl Stone Soup version 0.20.0-10-g0535bb4 (webtiles) character file.

8283106 Sphara the Rapturous (level 27, 133/157 HPs)
             Began as a Spriggan Ice Elementalist on June 2, 2017.
             Was a Follower of Uskayaw.
             Escaped with the Orb
             ... and 12 runes on June 4, 2017!
             The game lasted 14:50:22 (130356 turns).

Sphara the Rapturous (Spriggan Ice Elementalist)  Turns: 130356, Time: 14:50:23

Health: 133/157    AC: 27    Str:  8    XL:     27
Magic:  43/50      EV: 33    Int: 31    God:    Uskayaw [*.....]
Gold:   5844       SH: 12    Dex: 28    Spells: 2/70 levels left

rFire    + . .     SeeInvis +   w - +9 rapier (elec)
rCold    + + .     Gourm    .   T - +2 buckler {reflect}
rNeg     + + +     Faith    .   I - +7 swamp dragon scales
rPois    ∞         Spirit   +   b - +0 mask of the Dragon {MR+ Slay+3 SInv}
rElec    +         Reflect  +   s - +2 cloak
rCorr    .         Harm     .   (gloves unavailable)
MR       +++++                  (boots unavailable)
Stlth    +++.......             Z - amulet of Luips {Spirit rElec Int+4}
Regen    0.4/turn               e - ring of Cuxteon {rF+ rC+ Int+3 Dex+2}
MPRegen  0.4/turn               o - ring "Uryriupp" {Wiz *Drain Dex+6}

@: lich-form, very quick
A: unfitting armour, see invisible, berserk 1, herbivore 3, speed 3, magic
resistance 1, slow metabolism 2, strong 1
0: Orb of Zot
}: 12/15 runes: decaying, slimy, silver, golden, icy, abyssal, demonic, glowing,
magical, fiery, dark, gossamer
a: End Transformation, Stomp, Renounce Religion


You escaped.
You worshipped Uskayaw.
Uskayaw was greatly pleased with you.
You were not hungry.
You were a lich.
You visited 16 branches of the dungeon, and saw 76 of its levels.
You visited Pandemonium 3 times, and saw 17 of its levels.
You visited the Abyss 4 times.
You visited 1 bazaar.
You visited 1 ziggurat, and saw 12 of its levels.
You also visited: Labyrinth, Trove, Sewer, Bailey and Ice Cave.

You collected 13428 gold pieces.
You spent 7584 gold pieces at shops.

Inventory:

Hand Weapons
 l - the +7 rapier of Iveseix {freeze, Str+2 Dex+5}
   (You took it off a balrug in Pandemonium)

   It has been specially enchanted to freeze those struck by it, causing extra
   injury to most foes and up to half again as much damage against particularly
   susceptible opponents.
   It can also slow down cold-blooded creatures.
   It affects your strength (+2).
   It affects your dexterity (+5).
 w - a +9 rapier of electrocution (weapon)
 x - a +5 eudemon blade of holy wrath
Missiles
 k - 2 throwing nets (quivered)
Armour
 b - the +0 mask of the Dragon (worn) {MR+ Slay+3 SInv}
   (You found it on level 3 of the Depths)

   It affects your accuracy and damage with ranged weapons and melee attacks
   (+3).
   It affects your resistance to hostile enchantments.
   It lets you see invisible.
 s - a +2 cloak (worn)
 A - the scarf of Context {Int+6}
   (You found it in Pandemonium)

   It affects your intelligence (+6).
 I - +7 swamp dragon scales (worn)
 T - a +2 buckler of reflection (worn)
Jewellery
 e - the ring of Cuxteon (left hand) {rF+ rC+ Int+3 Dex+2}
   (You took it off a deep elf death mage on level 3 of the Elven Halls)

   [ring of protection from cold]

   It affects your intelligence (+3).
   It affects your dexterity (+2).
   It protects you from fire.
   It protects you from cold.
 i - the ring "Cisulub" {AC+3 Dex+2}
   (You found it on level 7 of Gehenna)

   [ring of protection]

   It affects your AC (+3).
   It affects your dexterity (+2).
 o - the ring "Uryriupp" (right hand) {Wiz *Drain Dex+6}
   (You found it on level 5 of the Pits of Slime)

   [ring of wizardry]

   It improves your spell success rate.
   It affects your dexterity (+6).
   It causes draining when unequipped.
 y - the ring of Dawn {+Inv Str+3}
   (You took it off a deep elf sorcerer on level 3 of the Elven Halls)

   [ring of strength]

   It affects your strength (+3).
   It lets you turn invisible.
 Q - the amulet of the Four Winds {rN+ MR+++ Clar}
   (You found it on level 3 of the Tomb of the Ancients)

   [amulet of nothing]

   It protects you from negative energy.
   It affects your resistance to hostile enchantments.
   It protects you against confusion.
 V - a +5 ring of protection
 W - the amulet "Buonwasch" {Spirit rF+ MR+ Str+3 Dex-2}
   (You found it on level 1 of the Lair of Beasts)

   [amulet of guardian spirit]

   It causes incoming damage to be split between your health and magic.
   It affects your strength (+3).
   It affects your dexterity (-2).
   It protects you from fire.
   It affects your resistance to hostile enchantments.
 Z - the amulet of Luips (around neck) {Spirit rElec Int+4}
   (You found it on level 5 of the Pits of Slime)

   [amulet of guardian spirit]

   It causes incoming damage to be split between your health and magic.
   It affects your intelligence (+4).
   It insulates you from electricity.
Wands
 m - a wand of scattershot (2/9)
 u - a wand of acid (6/15)
 J - a wand of digging (7/24)
 L - a wand of iceblast (5/15)
 X - a wand of digging (11/24)
Scrolls
 a - 6 scrolls of fear
 h - 7 scrolls of fog
 n - 4 scrolls of recharging
 r - 3 scrolls of identify
 F - 36 scrolls of remove curse
 K - 7 scrolls of magic mapping
 P - 2 scrolls of blinking
 Y - 3 scrolls of immolation
Potions
 j - 17 potions of curing
 p - 10 potions of cancellation
 q - 2 potions of haste
 t - 6 potions of agility
 z - 11 potions of brilliance
 D - 5 potions of might
 H - 9 potions of heal wounds
 M - 2 potions of magic
 R - 6 potions of invisibility
 S - 2 potions of resistance
Miscellaneous
 d - the horn of Geryon
 f - 6 sacks of spiders
 g - 4 boxes of beasts
 B - a lamp of fire
 G - a fan of gales
 N - a figurine of a ziggurat
 O - a phial of floods
 U - 3 phantom mirrors
Comestibles
 c - 30 bread rations


   Skills:
 * Level 20.3 Fighting
 - Level 13.7(16.7) Short Blades
 - Level 12.9(14.3) Long Blades
 - Level 11.0 Armour
 * Level 18.0 Dodging
 - Level 17.0 Stealth
 - Level 7.9 Shields
 - Level 22.0 Spellcasting
   Level 4.1 Conjurations
 - Level 3.2 Hexes
 - Level 10.1 Charms
 - Level 6.3 Summonings
 - Level 20.4 Necromancy
 - Level 19.1 Translocations
 - Level 17.0 Transmutations
   Level 7.3 Ice Magic
 - Level 4.7 Air Magic
 - Level 7.2 Earth Magic
 * Level 22.9 Invocations
 - Level 8.2 Evocations


You had 2 spell levels left.
You knew the following spells:

 Your Spells              Type           Power        Failure   Level  Hunger
a - Summon Lightning Spi  Summ/Air       ######..     1%          4    N/A
b - Deflect Missiles      Chrm/Air       ######....   6%          6    N/A
c - Dispel Undead         Necr           ########     0%          5    N/A
d - Necromutation         Tmut/Necr      ########..   2%          8    N/A
e - Animate Dead          Necr           N/A          0%          4    N/A
f - Spectral Weapon       Hex/Chrm       ######..     1%          3    N/A
g - Control Undead        Necr           ########..   0%          4    N/A
h - Infestation           Necr           ########..   1%          8    N/A
i - Apportation           Tloc           ######       0%          1    N/A
j - Blink                 Tloc           N/A          0%          2    N/A
k - Passage of Golubria   Tloc           N/A          0%          4    N/A
l - Lesser Beckoning      Tloc           ########..   0%          3    N/A
m - Controlled Blink      Tloc           N/A          2%          8    N/A
n - Lee's Rapid Deconstr  Erth           ######....   1%          5    N/A
z - Regeneration          Chrm/Necr      ########..   0%          3    N/A

Dungeon Overview and Level Annotations

Branches:
Dungeon (15/15)            Temple (1/1) D:5            Lair (6/6) D:11
  Swamp (4/4) Lair:2       Spider (4/4) Lair:2        Slime (5/5) Lair:6
    Orc (2/2) D:9             Elf (3/3) Orc:2        Vaults (5/5) D:13
  Crypt (3/3) Vaults:2       Tomb (3/3) Crypt:3      Depths (5/5) D:15
   Hell (1/1)                 Dis (0/7) Hell            Geh (7/7) Hell
    Coc (7/7) Hell            Tar (0/7) Hell            Zot (5/5) Depths:5

Altars:
Ashenzari
Cheibriados
Dithmenos
Elyvilon
Fedhas
Gozag
Hepliaklqana
Kikubaaqudgha
Makhleb
Nemelex Xobeh
Okawaru
Qazlal
Ru
Sif Muna
Trog
Uskayaw
Vehumet
Xom
Yredelemnul
Zin
The Shining One
Beogh
Jiyva
Lugonu

Shops:
D:6 :   Orc:2 %*([   Vaults:5 %%   Depths:1 }=}   Depths:4 *=

Portals:
Hell: Depths:1 Depths:2 Depths:3 Depths:4 Depths:5
Abyss: Depths:4 Depths:5
Pandemonium: Depths:3 Depths:5

Annotations:
D:10 2 runed doors, exclusion: orange crystal statue
Swamp:1 exclusion: 3 downstairs
Spider:4 exclusion: Roxanne, Roxanne
Slime:5 Royal Jelly
Elf:2 2 runed doors
Vaults:1 exclusion: 2 downstairs
Vaults:2 Sojobo
Vaults:3 exclusion: 2 upstairs
Coc:7 Antaeus


Innate Abilities, Weirdness & Mutations

You are very small and have problems with some larger weapons.
You are too small for most types of armour.
You have supernaturally acute eyesight. (SInv)
You are a herbivore.
You cover ground extremely quickly.
You need consume almost no food.
You tend to lose your temper in combat.
You are resistant to hostile enchantments. (MR+)
Your muscles are strong. (Str +2)


Message History

A blizzard demon comes into view.
You impale the ooze!!
You kill the ooze!
The blizzard demon waves its arms in wide circles.
The air twists around and strikes you!
The blizzard demon waves its arms in wide circles.
The air twists around and strikes you!
Evoke which item? (* to show all) (? for menu, Esc to quit)
Aiming: Dig
Press: ? - help, Shift-Dir - straight line The rock shatters into small pieces.
This wand has 7 charges left.
The blizzard demon gestures at you. The freezing blast engulfs you! You resist.
You are engulfed in freezing vapours.
You resist.
You are engulfed in freezing vapours.
You resist.
A hobgoblin comes into view. It is wielding a club.
The hobgoblin moves out of view.
The hobgoblin shouts!
There is a staircase leading out of the dungeon here.
You have escaped!

#.....#.#.##########.#..#.##
#.......................)..#
###'###....#.####....#..#.##
#%# #...##.####.##.#..#.###
#######.#
#.#.##.##.....2........
#.....†.#
#.#.##.........#..#....
#.###.###
###########§§§.#..#....
#.###.# ##...###2§#.#..#....
#.....# #..L...§..§.........
#.###.# ##...######.#..#####
#.# #.#### ###'### #....#
#.# #....# #.....########.#
#.###.####
#..g..#...####'###
#........#
.'..⌠..'.8.##.....# #
#.###.####
..#.....#...##.....# #
#.########
###.....######.....# #
#........#
#####'########.....# #


You could see a blizzard demon and a hobgoblin.

Vanquished Creatures
  Cerebov (Pan)
  Lom Lobon (Pan)
  4 ancient liches
  An orb of fire (Zot:5)
  The ghost of Ijustatesigmund the Scorcher, a legendary HOFi of Cheibriados (Zig:12)
  Mara (Vaults:2)
  A shard shrike (Coc:7)
  24 greater mummies
  Saint Roka (Vaults:2)
  Bai Suzhen (Vaults:5)
  A curse toe (Zot:5)
  A Killer Klown (Zot:5)
  Geryon (Hell)
  7 golden dragons
  A caustic shrike (Depths:3)
  Nikola (Swamp:2)
  Jory (Depths:3)
  2 pearl dragons (Pan)
  A bone dragon (Coc:7)
  2 Brimstone Fiends (Geh:7)
  4 electric golems
  18 tentacled monstrosities
  Jorgrun (Elf:1)
  3 Ice Fiends (Coc:7)
  10 Orb Guardians
  9 liches
  4 titans
  2 deep elf blademasters (Elf:3)
  4 quicksilver dragons
  2 deep elf master archers (Elf:3)
  12 acid blobs
  A kraken (Abyss:2)
  18 Executioners (Pan)
  5 tentacled starspawn
  9 death cobs
  20 sphinxes
  Frances (Swamp:2)
  10 ancient champions
  2 shadow dragons
  8 draconian monks
  7 tengu reavers
  7 storm dragons
  11 daevas (Pan)
  A nagaraja (Zig:3)
  6 revenants
  6 draconian knights
  A fire giant (shapeshifter) (Vaults:5)
  13 cacodemons (Pan)
  7 ghost moths
  7 azure jellies
  7 deep elf sorcerers
  5 frost giants
  3 emperor scorpions (Spider:4)
  3 warmongers (Pan)
  Aizul (Vaults:2)
  11 fire giants
  Louise (Swamp:2)
  15 vault wardens
  9 draconian scorchers
  2 iron dragons
  5 curse skulls
  10 draconian shifters
  14 draconian annihilators
  16 balrugs
  4 deep elf elementalists
  6 draconian stormcallers
  16 ironheart preservers
  6 ghouls
  21 angels (Pan)
  The ghost of Shinoi the Basher, a journeyman MiBe of Trog (Lair:6)
  A spriggan defender (Depths:3)
  2 elemental wellsprings (Coc:7)
  38 very ugly things
  4 war gargoyles
  5 deep elf demonologists
  9 reapers
  20 stone giants
  4 entropy weavers
  4 blood saints (Pan)
  17 ophanim (Pan)
  2 black suns (Pan)
  12 green draconians
  11 purple draconians
  3 bennus
  17 black draconians
  18 apis (Pan)
  16 red draconians
  5 vampire knights
  11 yellow draconians
  A spark wasp (shapeshifter) (Vaults:2)
  6 deep elf annihilators
  9 lorocyprocas (Pan)
  15 white draconians
  9 spark wasps
  14 blizzard demons
  25 ettins
  14 mummy priests
  14 green deaths
  7 eidola
  A minotaur (Lab)
  12 deep elf death magi
  11 jiangshi
  10 great orbs of eyes
  2 death oozes (Slime:5)
  An ettin (shapeshifter) (Vaults:4)
  7 fire dragons
  4 deep elf high priests (Elf:3)
  25 yaktaur captains
  2 crystal guardians
  A kraken zombie (Crypt:1)
  8 rakshasas
  38 vault guards
  2 monstrous demonspawn (Pan)
  20 ice dragons
  4 catoblepae
  A hell beast (Pan)
  A naga warrior (Zig:3)
  8 spriggan air magi
  2 ghost crabs
  2 juggernaut simulacra (Pan)
  13 hydras
  8 centaur warriors
  A two-headed ogre (shapeshifter) (Zig:7)
  11 dancing weapons
  2 alligators
  11 deep troll earth magi
  18 hell hogs
  23 two-headed ogres
  A death knight (Vaults:1)
  7 death yaks
  12 ogre magi
  8 deep troll shamans
  11 vampire magi
  22 death scarabs
  3 titan zombies
  3 thrashing horrors
  2 orc high priests
  3 tengu warriors
  3 titan skeletons
  21 soul eaters
  Nergalle (Lair:2)
  4 storm dragon zombies
  35 sun demons
  An iron golem (Zig:4)
  A wretched star (Zig:8)
  A shock serpent (shapeshifter) (Depths:5)
  10 shadow wraiths
  5 spriggan berserkers
  19 deep elf knights
  33 skeletal warriors
  An iron troll (Depths:2)
  12 sixfirhies
  6 unseen horrors
  4 anaconda zombies
  A ghost moth zombie (Tomb:3)
  A death drake (Abyss:4)
  10 hell knights
  2 golden dragon zombies
  4 spark wasp zombies
  4 storm dragon skeletons
  40 deep trolls
  8 flayed ghosts
  3 swamp dragons
  A spriggan druid (Swamp:4)
  An obsidian statue (Zig:9)
  4 glowing orange brains
  18 deep elf archers
  11 torturous demonspawn
  A lindwurm (shapeshifter) (Vaults:3)
  4 phantasmal warriors
  7 wizards (Pan)
  7 shadow demons
  A shadow dragon zombie (Coc:7)
  4 cherubim (Pan)
  4 infernal demonspawn
  12 ironbrand convokers
  4 harpies (Vaults:4)
  A tengu zombie (Depths:3)
  18 orc knights
  2 sphinx zombies
  2 necromancers
  4 oklob plants (Zig:7)
  2 fire giant zombies
  2 stone giant zombies
  6 orb spiders
  An iron dragon zombie (Hell)
  79 deep elf magi
  39 ugly things
  A salamander (shapeshifter) (Vaults:5)
  19 wolf spiders
  5 cyclopes
  4 orc sorcerers
  A manticore (D:11)
  3 worldbinders
  26 moths of wrath
  A frost giant zombie (Depths:3)
  An elephant (shapeshifter) (Depths:2)
  3 stone giant skeletons
  2 frost giant skeletons
  An apocalypse crab (Zig:8)
  A guardian serpent (Zig:3)
  8 black mambas
  A guardian serpent (shapeshifter) (Depths:2)
  6 elephants
  An iron dragon skeleton (Pan)
  3 fire giant skeletons
  A naga mage (Zig:3)
  14 vault sentinels
  4 molten gargoyles (Geh:7)
  4 gargoyles
  6 rust devils
  Maurice (Orc:2)
  31 smoke demons
  5 ice statues
  14 orange demons
  4 rime drakes
  25 spiny frogs
  11 hellions
  A torpor snail (shapeshifter) (Depths:3)
  An elf zombie (Depths:1)
  3 spriggan skeletons
  2 torpor snails
  4 dire elephant skeletons
  9 efreet
  A komodo dragon (shapeshifter) (Depths:3)
  11 freezing wraiths
  12 komodo dragons
  55 yaktaurs
  A rime drake (shapeshifter) (Vaults:3)
  27 demonic crawlers
  10 tormentors
  14 hellwings
  34 guardian mummies
  14 red devils
  3 tengu conjurers
  3 catoblepas skeletons (Abyss:4)
  A harpy zombie (Hell)
  14 ice devils
  4 polar bears
  4 trolls
  3 hydra zombies
  28 jumping spiders
  A merfolk (shapeshifter) (Depths:5)
  13 wind drakes (Pan)
  2 harpy skeletons
  18 hornets
  A raiju (Zig:8)
  A snapping turtle (shapeshifter) (Elf:3)
  4 tyrant leeches
  A hydra skeleton (Hell)
  A raiju (shapeshifter) (Elf:2)
  29 blink frogs
  A blink frog (shapeshifter) (Vaults:3)
  A hornet (shapeshifter) (D:15)
  51 slime creatures
  Prince Ribbit (D:7)
  7 dream sheep (Lair:6)
  An ice dragon zombie (Hell)
  10 bog bodies
  A dream sheep (shapeshifter) (D:9)
  2 frost giant simulacra
  2 alligator zombies
  9 hippogriffs
  A fire dragon zombie (Coc:7)
  39 flying skulls
  A black mamba zombie (Tomb:3)
  2 alligator skeletons
  7 spriggans
  7 air elementals
  6 starcursed masses
  5 water elementals
  53 redbacks
  A vampire (D:13)
  A tarantella (shapeshifter) (Vaults:1)
  4 ettin skeletons
  An ice dragon skeleton (Crypt:3)
  11 ynoxinuls (Pan)
  A yak (shapeshifter) (Depths:2)
  23 tarantellas
  11 wraiths
  4 shadows
  A black mamba skeleton (Pan)
  19 large abominations
  4 wyverns
  23 yaks
  6 basilisks
  11 fire elementals
  A human (shapeshifter) (Vaults:1)
  12 ushabtiu
  13 golden eyes
  2 golden eyes (shapeshifter)
  16 chaos spawn
  A steam dragon (D:10)
  3 hungry ghosts
  18 neqoxecs
  Menkaure (D:7)
  11 wargs
  A catoblepas simulacrum (Crypt:3)
  10 vampire mosquitoes
  An infernal demonspawn zombie (Crypt:3)
  26 swamp worms
  2 acid dragons
  7 hell hounds
  10 insubstantial wisps
  11 soldier ants (Spider:1)
  9 porcupines
  2 spiny frog zombies
  7 water moccasins
  Duvessa (D:6)
  A floating eye (Depths:5)
  37 orc warriors
  A hydra simulacrum (Coc:7)
  4 spiny frog skeletons
  13 swamp drakes
  15 ice beasts
  A monstrous demonspawn skeleton (Crypt:1)
  An eye of draining (D:8)
  2 eyes of draining (shapeshifter)
  6 phantoms
  A black bear (D:11)
  An ice dragon simulacrum (Vaults:1)
  3 necrophages
  6 sky beasts
  A fire dragon simulacrum (Hell)
  46 ogres
  2 manticore skeletons
  10 wolves
  8 boggarts
  13 centaurs
  18 crocodiles
  A fire crab zombie (Crypt:1)
  5 big kobolds (Sewer)
  33 bullfrogs
  A wyvern zombie (Crypt:3)
  An elf skeleton (Crypt:2)
  10 earth elementals
  A spiny frog simulacrum (Hell)
  A cyclops zombie (Crypt:2)
  6 small abominations
  3 troll zombies
  A water moccasin skeleton (Crypt:1)
  2 scorpions
  9 killer bees
  A polar bear zombie (Crypt:2)
  9 wights
  An elf simulacrum (Vaults:3)
  A warg skeleton (Crypt:1)
  14 electric eels
  5 howler monkeys
  9 crimson imps
  2 quasits
  A bullfrog zombie (D:11)
  4 centaur zombies
  7 hounds
  A human simulacrum (Vaults:2)
  26 orc priests
  3 centaur skeletons
  A bullfrog skeleton (D:12)
  9 jellies
  37 orc wizards
  2 iron imps
  4 iguanas
  23 worker ants
  2 acid dragon zombies
  A deep dwarf zombie (Crypt:3)
  A naga zombie (Crypt:2)
  A demigod zombie (Crypt:3)
  4 ogre zombies (D:9)
  2 naga skeletons
  31 mummies
  2 hound zombies
  2 hound skeletons
  16 adders
  A swamp drake zombie (Crypt:3)
  2 shadow imps
  A white imp (Coc:7)
  2 ufetubi
  9 oozes
  2 adder skeletons
  An adder zombie (D:8)
  8 worms
  5 dart slugs
  5 leopard geckos
  87 orcs
  3 ball pythons
  6 giant cockroaches
  15 goblins
  10 hobgoblins
  21 jackals
  34 kobolds
  2 quokkas
  A ball python (shapeshifter) (Depths:5)
  A ball python skeleton (Crypt:3)
  9 bats
  A dart slug zombie (Crypt:2)
  7 frilled lizards
  A giant cockroach zombie (Crypt:2)
  A goblin skeleton (D:9)
  7 goblin zombies (D:9)
  A hobgoblin skeleton (D:9)
  2 hobgoblin zombies (D:9)
  A kobold zombie (Crypt:2)
  2 orc skeletons (D:9)
  6 orc zombies (D:9)
  14 rats
  A briar patch (Swamp:1)
  2 plants
  A spectral weapon (Spider:1)
  A starspawn tentacle (Zig:8)
  4 tentacles (Abyss:2)
3311 creatures vanquished.

Vanquished Creatures (collateral kills)
  2 orbs of fire (Zot:5)
  An ancient lich (Zot:5)
  2 juggernauts
  5 greater mummies
  A Killer Klown (Zot:5)
  the Lernaean hydra (Swamp:4)
  3 golden dragons
  A bone dragon (Depths:5)
  2 tentacled monstrosities
  6 Orb Guardians (Zot:5)
  A quicksilver dragon (Depths:2)
  A lich (Depths:5)
  2 acid blobs
  A titan (Vaults:5)
  A sphinx (Tomb:1)
  An ancient champion (Tomb:3)
  4 shadow dragons
  A thorn hunter (Swamp:1)
  A frost giant (Depths:2)
  A revenant (Tomb:3)
  2 iron dragons
  2 storm dragons
  A draconian scorcher (Zot:1)
  A fire giant (Depths:2)
  4 emperor scorpions (Spider:4)
  2 vault wardens
  A caustic shrike zombie (Depths:1)
  A balrug (Geh:2)
  A draconian shifter (Zot:5)
  2 ironheart preservers
  A ghoul (Vaults:2)
  4 stone giants
  2 reapers (Coc:7)
  4 entropy weavers
  3 green draconians
  3 deep elf annihilators
  2 black suns (Pan)
  5 bennus (Tomb:3)
  2 black draconians
  2 purple draconians
  2 red draconians (Zot:2)
  6 white draconians
  6 ettins
  2 jiangshi (Depths:5)
  2 blizzard demons
  3 ogre magi
  2 death oozes (Slime:5)
  4 mummy priests
  2 ice dragons (Coc:7)
  2 rakshasas
  A ghost crab (Swamp:3)
  A vault guard (D:13)
  A catoblepas (Lair:4)
  10 hydras
  A queen ant (Spider:1)
  12 two-headed ogres
  2 death knights
  A two-headed ogre (shapeshifter) (Depths:2)
  A dancing weapon (Vaults:5)
  A deep troll shaman (Depths:4)
  3 alligators (Swamp:3)
  3 tengu warriors
  17 death scarabs
  A vampire mage (Depths:5)
  A hell knight (Depths:2)
  2 hell hogs (Hell)
  4 sun demons
  2 orc high priests (Orc:2)
  A titan skeleton (Coc:7)
  A soul eater (Hell)
  The ghost of ThereIsNoGod the Basher, a novice GrFi of Makhleb (D:8)
  A deep elf knight (Vaults:3)
  A sixfirhy (Pan)
  5 skeletal warriors
  An anaconda zombie (Hell)
  2 deep trolls (Depths:4)
  9 swamp dragons
  A wizard (Pan)
  2 phantasmal warriors (Depths:4)
  A deep elf archer (Vaults:3)
  2 orc knights
  4 necromancers
  15 wolf spiders
  A deep elf mage (Vaults:3)
  5 ugly things
  A cyclops (Vaults:2)
  2 fire giant zombies (Depths:1)
  An orc sorcerer (Orc:1)
  2 oklob plants
  13 orb spiders
  5 shining eyes
  A fire giant skeleton (Coc:7)
  3 moths of wrath
  An ice statue (IceCv)
  2 black mambas (Lair:6)
  A rust devil (Hell)
  A smoke demon (Pan)
  4 torpor snails
  8 spiny frogs
  8 demonic crawlers
  3 yaktaurs (Vaults:3)
  A freezing wraith (Coc:7)
  13 guardian mummies
  An anaconda simulacrum (Hell)
  An ice devil (Coc:7)
  3 komodo dragons
  A tengu conjurer (D:15)
  A red devil (Geh:2)
  A troll (D:13)
  3 tyrant leeches
  A wolf spider simulacrum (Crypt:3)
  15 jumping spiders
  3 hydra zombies
  2 blink frogs
  8 hornets
  A sphinx simulacrum (Depths:1)
  6 slime creatures
  A bog body (Coc:7)
  8 flying skulls
  2 spriggans (Swamp:2)
  An alligator skeleton (Coc:7)
  34 redbacks
  A shadow (Geh:2)
  16 tarantellas
  A wraith (Vaults:4)
  2 fire elementals (Hell)
  A water elemental (D:12)
  An ushabti (Tomb:1)
  5 yaks
  2 vampire mosquitoes
  2 hungry ghosts
  2 insubstantial wisps (Swamp:4)
  A spiny frog zombie (Coc:7)
  3 swamp worms
  2 water moccasins
  A merfolk skeleton (Coc:7)
  4 hell hounds (Geh:2)
  3 soldier ants (Spider:1)
  A hydra simulacrum (Hell)
  A floating eye (shapeshifter) (Vaults:2)
  6 orc warriors
  An ice beast (D:5)
  5 swamp drakes (Swamp:4)
  An ogre (Vaults:3)
  2 crocodiles
  A big kobold (D:13)
  A bullfrog (D:13)
  Dowan (D:6)
  3 wights (D:11)
  An iron imp (Hell)
  An orc wizard (D:15)
  An iguana (D:7)
  3 orc priests
  5 worker ants
  4 mummies
  5 orcs
  2 hobgoblins (Bailey)
  A kobold (D:13)
  A plant (D:11)
488 creatures vanquished.

Vanquished Creatures (others)
  2 eldritch tentacles
  A very ugly thing (Depths:2)
  2 hydras
  A two-headed ogre (Vaults:4)
  11 death scarabs
  A deep troll shaman (Depths:2)
  A hell hog (Hell)
  A skeletal warrior (Tomb:1)
  A spriggan (Swamp:2)
  A sixfirhy (Pan)
  A swamp dragon (Swamp:4)
  2 moths of wrath (Zot:5)
  3 yaktaurs
  A catoblepas skeleton (Tomb:1)
  A hornet (Swamp:2)
  A minotaur skeleton (Tomb:2)
  A bog body (Coc:7)
  A raiju (Abyss:4)
  5 flying skulls
  A neqoxec (Pan)
  2 swamp worms
  3 swamp drakes (Swamp:2)
  An ice dragon simulacrum (Tomb:2)
  An ogre (Depths:2)
  8 mummies
  2 briar patches (Swamp:1)
  2 bushes (Lair:6)
  19 fungi
  A lurking horror (Abyss:4)
  98 plants
  106 spectral weapons
  10 starspawn tentacles
  20 tentacles
  9 toadstools (D:4)
321 creatures vanquished.

Grand Total: 4120 creatures vanquished

Notes
Turn   | Place    | Note
-------+----------+-------------------------------------------
     0 | D:1      | Sphara the Spriggan Ice Elementalist began the quest for the Orb.
     0 | D:1      | Reached XP level 1. HP: 9/9 MP: 5/5
   238 | D:1      | Reached XP level 2. HP: 14/14 MP: 3/6
   291 | D:1      | Reached skill level 1 in Fighting
   800 | D:1      | Learned a level 2 spell: Throw Frost
  1103 | D:1      | Reached XP level 3. HP: 11/18 MP: 2/8
  1230 | D:1      | Learned a level 3 spell: Ozocubu's Armour
  1635 | D:2      | Reached skill level 1 in Short Blades
  2144 | D:3      | Reached XP level 4. HP: 23/23 MP: 4/9
  3090 | D:3      | Reached XP level 5. HP: 26/26 MP: 5/11
  4154 | D:5      | Entered Level 5 of the Dungeon
  4154 | D:5      | Noticed an ice beast
  4179 | D:5      | Noticed a centaur
  4249 | D:4      | Reached XP level 6. HP: 30/30 MP: 6/13
  4314 | D:4      | Learned a level 4 spell: Summon Ice Beast
  4518 | D:4      | Reached skill level 1 in Summonings
  4949 | D:4      | Reached skill level 5 in Spellcasting
  5103 | D:4      | Reached XP level 7. HP: 35/35 MP: 11/15
  5614 | D:4      | Found a white marble altar of Elyvilon.
  5969 | D:5      | Found a glowing golden altar of the Shining One.
  5973 | D:5      | Found a deep blue altar of Sif Muna.
  6166 | D:5      | Got a slimy falchion
  6167 | D:5      | Identified the +9 falchion of Doto {flame, rC+} (You found it on level 5 of the Dungeon)
  6538 | D:5      | Found a staircase to the Ecumenical Temple.
  6543 | Temple   | Entered the Ecumenical Temple
  6620 | Temple   | Became a worshipper of Uskayaw the Reveler
  6715 | D:5      | Reached * piety under Uskayaw
  6717 | D:5      | Reached ** piety under Uskayaw
  6718 | D:5      | Reached skill level 1 in Long Blades
  6718 | D:5      | Reached XP level 8. HP: 39/39 MP: 15/18
  7026 | D:5      | Reached skill level 5 in Ice Magic
  7398 | D:6      | Found Tuwep's Book Emporium.
  7445 | D:6      | Found a glowing drain.
  7533 | Sewer    | Entered a sewer
  7636 | Sewer    | Reached *** piety under Uskayaw
  7711 | Sewer    | Reached **** piety under Uskayaw
  7716 | Sewer    | Reached ***** piety under Uskayaw
  7946 | D:6      | Reached XP level 9. HP: 45/45 MP: 8/21
  7991 | D:6      | Reached skill level 5 in Stealth
  8341 | D:6      | Noticed Duvessa
  8341 | D:6      | Noticed Dowan
  8357 | D:6      | Killed Duvessa
  8370 | D:6      | Killed Dowan
  8545 | D:7      | Noticed Menkaure
  8686 | D:7      | Noticed Prince Ribbit
  8733 | D:7      | Killed Prince Ribbit
  9012 | D:7      | Killed Menkaure
  9012 | D:7      | Reached skill level 5 in Dodging
  9830 | D:8      | Found a sparkling altar of Nemelex Xobeh.
  9882 | D:8      | Found a sparkling altar of Nemelex Xobeh.
  9900 | D:8      | Noticed a two-headed ogre
  9916 | D:8      | Noticed ThereIsNoGod's ghost (novice GrFi)
 10428 | D:8      | Killed a two-headed ogre
 10428 | D:8      | Reached XP level 10. HP: 49/49 MP: 5/23
 10460 | D:8      | Killed ThereIsNoGod's ghost
 10460 | D:8      | Reached skill level 5 in Long Blades
 11135 | D:8      | Found a shimmering altar of Xom.
 11136 | D:8      | Found a hazy altar of Hepliaklqana.
 11136 | D:8      | Noticed an unseen horror
 11137 | D:8      | Noticed an unseen horror
 11685 | D:9      | Found a blossoming altar of Fedhas.
 11754 | D:9      | Noticed a two-headed ogre
 11801 | D:9      | Killed a two-headed ogre
 11944 | D:9      | Found a stormy altar of Qazlal.
 12289 | D:9      | Found a staircase to the Orcish Mines.
 12590 | D:9      | Noticed a two-headed ogre
 12600 | D:9      | Killed a two-headed ogre
 12845 | D:9      | Noticed a two-headed ogre
 12852 | D:9      | Killed a two-headed ogre
 12990 | D:9      | Reached skill level 5 in Fighting
 12990 | D:9      | Reached XP level 11. HP: 52/55 MP: 15/24
 13036 | D:9      | Reached ****** piety under Uskayaw
 13165 | D:10     | Entered Level 10 of the Dungeon
 13417 | D:10     | Found a flagged portal.
 13499 | Bailey   | Entered a bailey
 13874 | Bailey   | Noticed an orc knight
 13890 | Bailey   | Killed an orc knight
 13892 | Bailey   | Got a translucent silver ring
 13896 | Bailey   | Identified the ring of Ovu Vori {*Slow rPois rF- rN+ Dex+8} (You took it off an orc knight in a bailey)
 13900 | Bailey   | Found a burning altar of Makhleb.
 14072 | D:6      | Bought a book of Battle for 520 gold pieces
 14076 | D:6      | Learned a level 3 spell: Regeneration
 14080 | D:6      | Learned a level 3 spell: Spectral Weapon
 14083 | D:6      | Learned a level 2 spell: Song of Slaying
 14225 | D:10     | Reached skill level 1 in Charms
 14436 | D:10     | Found a runed door.
 14611 | D:10     | Found a runed door.
 14617 | D:10     | Noticed an orange crystal statue
 15706 | D:11     | Identified the Handbook of the Boosting Escort
 15728 | D:11     | Learned a level 2 spell: Swiftness
 15971 | D:11     | Noticed an oklob plant
 16087 | D:11     | Found a staircase to the Lair.
 16098 | D:11     | Killed an oklob plant
 16186 | Lair:1   | Entered Level 1 of the Lair of Beasts
 16240 | Lair:1   | Noticed an oklob plant
 16260 | Lair:1   | Reached skill level 5 in Charms
 16357 | Lair:1   | Killed an oklob plant
 16362 | Lair:1   | Got a faintly glowing sapphire amulet
 16363 | Lair:1   | Identified the amulet "Buonwasch" {Spirit rF+ MR+ Str+3 Dex-2} (You found it on level 1 of the Lair of Beasts)
 17143 | Lair:2   | Found a white marble altar of Elyvilon.
 17235 | Lair:2   | Noticed Nergalle
 17468 | Lair:2   | Reached skill level 1 in Evocations
 17688 | Lair:2   | Killed Nergalle
 17688 | Lair:2   | Reached XP level 12. HP: 62/62 MP: 24/26
 17706 | Lair:2   | As you read the scroll of silence, it crumbles to dust. _A profound silence engulfs you. _Nergalle hits you but does no damage. You slash Nergalle! You burn Nergalle. Nergalle is lightly wounded. Nergalle closely misses you. You riposte. You hit Nergalle but do no damage. _Nergalle is lightly wounded. You barely miss Nergalle. Nergalle is lightly wounded. _Nergalle completely misses you. Y
 17806 | Lair:2   | Found a hole to the Spider Nest.
 17945 | Lair:2   | Found a staircase to the Swamp.
 18355 | Lair:3   | Reached skill level 1 in Invocations
 18500 | Lair:3   | Noticed an eight-headed hydra
 18645 | Lair:3   | Killed an eight-headed hydra
 18704 | Lair:3   | Reached skill level 10 in Spellcasting
 18837 | Lair:3   | Reached skill level 5 in Summonings
 18860 | Lair:3   | Reached skill level 5 in Evocations
 19283 | Lair:4   | Noticed a catoblepas
 19571 | Lair:4   | Found a labyrinth entrance.
 19584 | Lab      | Entered a labyrinth
 19715 | Lab      | Noticed a minotaur
 19763 | Lab      | Killed a minotaur
 19787 | Lab      | Identified Sif Muna's Tome of Dislocation
 19792 | Lab      | Learned a level 1 spell: Apportation
 19795 | Lab      | Learned a level 2 spell: Blink
 19800 | Lab      | Learned a level 4 spell: Passage of Golubria
 19803 | Lab      | Learned a level 2 spell: Shroud of Golubria
 20151 | Lair:4   | Killed a catoblepas
 20669 | Lair:4   | Noticed a six-headed hydra
 20723 | Lair:4   | Killed a six-headed hydra
 20723 | Lair:4   | Reached skill level 5 in Invocations
 21094 | Lair:4   | Noticed a six-headed hydra
 21130 | Lair:4   | Killed a five-headed hydra
 21684 | Lair:4   | Noticed a five-headed hydra
 21898 | Lair:4   | Reached XP level 13. HP: 64/66 MP: 29/29
 23017 | Lair:6   | Entered Level 6 of the Lair of Beasts
 23030 | Lair:6   | Reached skill level 1 in Translocations
 23121 | Lair:6   | Found a frozen archway.
 23144 | IceCv    | Entered an ice cave
 24288 | Lair:6   | Reached skill level 5 in Translocations
 24948 | Lair:6   | Found a staircase to the Slime Pits.
 25971 | Lair:6   | Reached XP level 14. HP: 74/74 MP: 10/31
 26194 | Lair:6   | Noticed Shinoi's ghost (journeyman MiBe)
 26535 | Lair:6   | Killed Shinoi's ghost
 27080 | Lair:6   | Reached skill level 10 in Dodging
 27332 | Lair:6   | Learned a level 3 spell: Mephitic Cloud
 27483 | Lair:6   | Reached skill level 1 in Air Magic
 28115 | Lair:6   | Reached skill level 10 in Long Blades
 29188 | D:12     | Learned a level 2 spell: Passwall
 29194 | D:12     | Learned a level 5 spell: Lee's Rapid Deconstruction
 29373 | D:12     | Reached skill level 1 in Transmutations
 29516 | D:13     | Reached skill level 1 in Conjurations
 29582 | D:13     | Reached skill level 1 in Earth Magic
 30025 | D:13     | Found a gate to the Vaults.
 31825 | D:15     | Entered Level 15 of the Dungeon
 31863 | D:15     | Found a white marble altar of Elyvilon.
 32789 | D:14     | Reached XP level 15. HP: 65/79 MP: 18/32
 32990 | Orc:1    | Entered Level 1 of the Orcish Mines
 33004 | Orc:1    | Found a roughly hewn altar of Beogh.
 33694 | Orc:2    | Entered Level 2 of the Orcish Mines
 33694 | Orc:2    | Found Cuneaj's Antique Armour Shop.
 34046 | Orc:2    | Found a staircase to the Elven Halls.
 34378 | Orc:2    | Bought a glowing robe for 122 gold pieces
 34516 | Orc:2    | Noticed Maurice
 34654 | Orc:2    | Killed Maurice
 34938 | Orc:2    | Reached skill level 5 in Earth Magic
 35561 | Orc:2    | Reached skill level 1 in Shields
 35576 | Orc:2    | Found Qiymuc's Weapon Emporium.
 35576 | Orc:2    | Found Xuitircha's Distillery.
 35578 | Orc:2    | Found Iceingan's General Store.
 35578 | Orc:2    | Found Nufeulax's Food Boutique.
 35599 | Orc:2    | Bought a potion of ambrosia for 120 gold pieces
 35599 | Orc:2    | Bought a potion of heal wounds for 75 gold pieces
 35599 | Orc:2    | Bought a potion of heal wounds for 75 gold pieces
 35599 | Orc:2    | Bought a potion of curing for 45 gold pieces
 35599 | Orc:2    | Bought a potion of heal wounds for 75 gold pieces
 35599 | Orc:2    | Bought a potion of might for 60 gold pieces
 35599 | Orc:2    | Bought a potion of lignification for 45 gold pieces
 35599 | Orc:2    | Bought a potion of brilliance for 60 gold pieces
 35599 | Orc:2    | Bought a potion of resistance for 150 gold pieces
 35599 | Orc:2    | Bought a potion of mutation for 120 gold pieces
 35903 | Swamp:1  | Entered Level 1 of the Swamp
 36050 | Swamp:1  | Noticed a thorn hunter
 36287 | D:6      | Bought a book of Callings for 390 gold pieces
 36472 | D:14     | Learned a level 4 spell: Summon Lightning Spire
 36585 | Spider:1 | Entered Level 1 of the Spider Nest
 37075 | Spider:1 | Got a shimmering robe
 37923 | Spider:2 | Identified the +0 robe of Vanity {rElec rC+ rN+} (You found it on level 1 of the Spider Nest)
 38410 | Spider:1 | Got a twisted short sword
 38412 | Spider:1 | Identified the cursed +0 short sword "Gikoerr" {pierce, *Contam +Inv MP+9} (You found it on level 1 of the Spider Nest)
 38414 | Spider:1 | FUCK GIKOERR, FUCK DCSS, FUCK WORLD, FUCK TOURNAMENT
 38444 | Spider:1 | Gained mutation: You are clumsy. (Dex -2) [mutagenic glow]
 38653 | Lair:2   | Lost mutation: You are clumsy. (Dex -2) [potion of mutation]
 38653 | Lair:2   | Gained mutation: You evolve. [potion of mutation]
 38653 | Lair:2   | Gained mutation: You do not regenerate when monsters are visible. [potion of mutation]
 38653 | Lair:2   | Gained mutation: You are robust. (+10% HP) [potion of mutation]
 38653 | Lair:2   | Gained mutation: You are partially covered in rugged brown scales. (AC +1, +3% HP) [potion of mutation]
 39171 | Spider:1 | Reached skill level 1 in Necromancy
 40326 | Spider:1 | Reached skill level 1 in Hexes
 40907 | Spider:2 | Gained mutation: Your spells are a little easier to cast, but a little less powerful. [evolution]
 40907 | Spider:2 | Lost mutation: You evolve. [end of evolution]
 41034 | Spider:2 | Lost mutation: You are robust. (+10% HP) [potion of mutation]
 41034 | Spider:2 | Gained mutation: You have large cloven feet. [potion of mutation]
 41035 | Spider:2 | Lost mutation: You have large cloven feet. [potion of mutation]
 41035 | Spider:2 | Lost mutation: You do not regenerate when monsters are visible. [potion of mutation]
 41035 | Spider:2 | Lost mutation: You are partially covered in rugged brown scales. (AC +1, +3% HP) [potion of mutation]
 41035 | Spider:2 | Gained mutation: You are covered in fur. (AC +1) [potion of mutation]
 41035 | Spider:2 | Gained mutation: You are resistant to hostile enchantments. (MR+) [potion of mutation]
 41036 | Spider:2 | OH FUCK THIS..
 41310 | Lair:4   | HERE GOES.. SEE IF I AM FUCKED BEFORE THE FIRST RUNE
 41310 | Lair:4   | Lost mutation: You are resistant to hostile enchantments. (MR+) [potion of mutation]
 41310 | Lair:4   | Lost mutation: Your spells are a little easier to cast, but a little less powerful. [potion of mutation]
 41310 | Lair:4   | Lost mutation: You are covered in fur. (AC +1) [potion of mutation]
 41310 | Lair:4   | Gained mutation: You are resistant to hostile enchantments. (MR+) [potion of mutation]
 41310 | Lair:4   | Gained mutation: You are highly resistant to hostile enchantments. (MR++) [potion of mutation]
 41310 | Lair:4   | Gained mutation: Your muscles are strong. (Str +2) [potion of mutation]
 41898 | Spider:3 | Reached XP level 16. HP: 84/84 MP: 21/33
 42062 | Spider:3 | Got an iridescent short sword
 43504 | Spider:4 | Entered Level 4 of the Spider Nest
 43527 | Spider:4 | Learned a level 4 spell: Animate Dead
 43668 | Spider:4 | Identified the +5 short sword of Riqoaxe {pierce, *Rage rPois rF+ Int+4} (You found it on level 3 of the Spider Nest)
 43940 | Spider:4 | Noticed Roxanne
 43982 | Spider:4 | Reached skill level 5 in Necromancy
 45829 | Spider:4 | NOTE TO SELF: ALWAYS SO INFERIOR WAND OF LIGHTNING KILLED 2 GHOST MOTHS
 46363 | Spider:3 | Reached skill level 15 in Spellcasting
 46990 | Spider:4 | Reached skill level 10 in Stealth
 47460 | Spider:4 | Got a gossamer rune of Zot
 48017 | Swamp:1  | Killed a thorn hunter
 48736 | Swamp:1  | Reached skill level 10 in Fighting
 49194 | Swamp:2  | Upgraded the game from 0.20.0-8-g6b59dc7 to 0.20.0-10-g0535bb4
 49212 | Swamp:2  | Noticed Frances
 49427 | Elf:1    | Entered Level 1 of the Elven Halls
 50011 | Elf:1    | Reached XP level 17. HP: 89/89 MP: 37/37
 50152 | Elf:1    | Identified Ycafuh's Tome of the Final Beds
 51064 | Elf:2    | Noticed Jorgrun
 51108 | Elf:1    | Killed Jorgrun
 52331 | Elf:3    | Entered Level 3 of the Elven Halls
 52341 | Elf:3    | Reached skill level 5 in Shields
 52863 | Elf:2    | Found a runed door.
 52899 | Elf:2    | Found a runed door.
 53624 | Elf:1    | Learned a level 4 spell: Control Undead
 53929 | Vaults:1 | Entered Level 1 of the Vaults
 55625 | Vaults:2 | Reached XP level 18. HP: 93/93 MP: 35/38
 55660 | Vaults:2 | Noticed Sojobo
 56051 | Vaults:2 | Reached skill level 15 in Stealth
 56091 | Vaults:2 | Noticed Mara
 56697 | Vaults:2 | JUST ONE OF THOSE LEVELS, WHERE NOTHING WORKS
 57117 | Vaults:2 | GIVE ME THE FUCKING DOWNSTAIRS ALREADY!!
 57156 | Vaults:2 | Noticed Saint Roka
 57465 | Vaults:2 | Killed Saint Roka
 58094 | Vaults:2 | Found a staircase to the Crypt.
 58612 | Vaults:4 | Found a flickering gateway to a bazaar.
 58627 | Bazaar   | Entered a bazaar
 58629 | Bazaar   | Found Wouj's Antique Weapon Emporium.
 58637 | Bazaar   | Found Ynaifa Xarch's Gadget Emporium.
 58646 | Bazaar   | Found Pilaff's Food Shop.
 58649 | Bazaar   | Found Unues's Armour Shop.
 58653 | Bazaar   | Found Woruc's Antique Armour Boutique.
 58662 | Bazaar   | Bought a spiked scarf for 290 gold pieces
 58662 | Bazaar   | Bought a glowing cloak for 217 gold pieces
 58662 | Bazaar   | Bought warped fire dragon scales for 1885 gold pieces
 58684 | Bazaar   | Identified the cursed scarf "Uhun" {MR+} (You bought it in a shop in a bazaar)
 58702 | Bazaar   | Identified the +7 fire dragon scales of the Thirsty Stories {rF++ rC- MR- rCorr SInv} (You bought it in a shop in a bazaar)
 58763 | Bazaar   | Bought a box of beasts for 180 gold pieces
 58875 | Vaults:4 | Reached skill level 1 in Armour
 59856 | Vaults:4 | Reached skill level 5 in Armour
 60466 | Vaults:3 | Reached XP level 19. HP: 82/98 MP: 33/39
 60997 | Vaults:2 | Lost mutation: You are highly resistant to hostile enchantments. (MR++) [a Zot trap]
 63263 | Swamp:2  | Noticed Nikola
 63284 | Swamp:2  | Noticed Louise
 63286 | Swamp:2  | Killed Nikola
 63351 | Swamp:2  | Killed Louise
 64131 | Swamp:4  | Entered Level 4 of the Swamp
 64666 | Swamp:4  | Identified Sif Muna's Incunabulum of Supportive Ice
 64702 | Swamp:4  | Noticed the 27-headed Lernaean hydra
 64707 | Swamp:4  | Killed the 27-headed Lernaean hydra
 64826 | Swamp:4  | Got a decaying rune of Zot
 65274 | Swamp:2  | Killed Frances
 65675 | Elf:3    | Reached skill level 5 in Short Blades
 66151 | Elf:3    | Got a twisted short sword {venom}
 66152 | Elf:3    | Identified the +6 short sword "Nisipn" {venom, Str+4} (You took it off a deep elf death mage on level 3 of the Elven Halls)
 66529 | Elf:3    | Identified the ring of Cuxteon {rF+ rC+ Int+3 Dex+2} (You took it off a deep elf death mage on level 3 of the Elven Halls)
 66640 | Elf:3    | Identified the amulet "Viabeusy" {*Corrode +Blink +Rage rC+ Int+5} (You took it off a deep elf high priest on level 3 of the Elven Halls)
 66732 | Elf:3    | Reached XP level 20. HP: 54/104 MP: 19/41
 66931 | Elf:3    | Got a smoking scimitar {freeze}
 66932 | Elf:3    | Identified the +8 scimitar "Rodiur" {freeze, rC+ MP+9 Int+4} (You took it off a deep elf sorcerer on level 3 of the Elven Halls)
 66973 | Elf:3    | Got a brightly glowing copper ring
 66974 | Elf:3    | Identified the ring "Koxte" {*Tele rN+} (You took it off a deep elf demonologist on level 3 of the Elven Halls)
 67322 | Elf:3    | Got a translucent bone ring
 67323 | Elf:3    | Identified the ring of Dawn {+Inv Str+3} (You took it off a deep elf sorcerer on level 3 of the Elven Halls)
 67412 | Elf:3    | Identified the Compendium of Transmutation and Air
 67436 | Elf:3    | Identified the Papyrus of Floating Confrontation
 67445 | Elf:3    | Learned a level 3 spell: Lesser Beckoning
 68277 | D:15     | Found a staircase to the Depths.
 68296 | Depths:1 | Entered Level 1 of the Depths
 68737 | Depths:1 | Found a gateway to Hell.
 69516 | Depths:1 | Found Moschal's Gadget Boutique.
 69516 | Depths:1 | Found Xunoush's Jewellery Emporium.
 69517 | Depths:1 | Found Ruyky's Gadget Boutique.
 70300 | Depths:2 | Noticed a golden dragon
 70307 | Depths:2 | Killed a golden dragon
 70340 | Depths:2 | Noticed a golden dragon
 70340 | Depths:2 | Noticed a golden dragon
 70365 | Depths:2 | Killed a golden dragon
 70373 | Depths:2 | Killed a golden dragon
 70693 | Depths:2 | Reached XP level 21. HP: 93/112 MP: 36/42
 71014 | Depths:3 | Noticed Jory
 71095 | Hell     | Entered the Vestibule of Hell
 71095 | Hell     | Noticed Geryon
 71129 | Hell     | Killed Geryon
 71191 | Depths:3 | Identified a scroll of acquirement
 71233 | Depths:3 | Found a one-way gate leading to the halls of Pandemonium.
 71565 | Depths:3 | Found a portal to a secret trove of treasure.
 71700 | Depths:3 | Reached skill level 10 in Invocations
 72260 | Depths:3 | Noticed a caustic shrike
 72352 | Depths:3 | Killed a caustic shrike
 73674 | Slime:1  | Entered Level 1 of the Pits of Slime
 74219 | Slime:5  | Entered Level 5 of the Pits of Slime
 74570 | Slime:5  | Noticed the Royal Jelly
 74811 | Slime:5  | Found a viscous altar of Jiyva.
 75125 | Slime:5  | Paralysed by a floating eye for 4 turns
 75327 | Slime:5  | Got a slimy rune of Zot
 75335 | Slime:5  | Identified Bolext's Volume of the Traveller and Intoxication
 75352 | Slime:5  | Got a sparkling zirconium amulet
 75353 | Slime:5  | Identified the amulet of Luips {Spirit rElec Int+4} (You found it on level 5 of the Pits of Slime)
 75365 | Slime:5  | Identified Etimor's Collected Works on the Volcanoes and the Oath
 75441 | Slime:5  | Got a pitted copper ring
 75442 | Slime:5  | Identified the ring "Ogiyjiv" {*Contam rN+ MR+ Str+2 Int+5} (You found it on level 5 of the Pits of Slime)
 76112 | Slime:5  | Identified the ring "Uryriupp" {Wiz *Drain Dex+6} (You found it on level 5 of the Pits of Slime)
 76816 | Vaults:2 | Noticed Aizul
 76830 | Vaults:2 | Killed Aizul
 77130 | Vaults:3 | Reached XP level 22. HP: 95/119 MP: 26/44
 79481 | Vaults:2 | Killed Mara
 80358 | Depths:4 | Reached skill level 10 in Translocations
 80880 | Depths:4 | Noticed a juggernaut
 80951 | Depths:4 | Killed a juggernaut
 80979 | Depths:4 | Identified the cursed +0 short sword "Vammim" {pierce, *Corrode +Rage rC++ Dex-2} (You found it on level 4 of the Depths)
 81157 | Depths:4 | Reached XP level 23. HP: 113/125 MP: 40/45
 81242 | Depths:4 | Found Eoinuq's Eclectic Emporium.
 81280 | Depths:4 | Bought a potion of experience for 800 gold pieces
 81280 | Depths:4 | Reached skill level 15 in Fighting
 81280 | Depths:4 | Reached XP level 24. HP: 123/131 MP: 34/45
 81283 | Depths:4 | Bought a scroll of enchant weapon for 120 gold pieces
 81284 | Depths:4 | Bought a book of Enchantments for 800 gold pieces
 81291 | Depths:4 | Learned a level 6 spell: Deflect Missiles
 81598 | Depths:4 | Reached skill level 15 in Invocations
 81610 | Depths:4 | Found a gateway to a ziggurat.
 81623 | Depths:4 | Found a one-way gate to the infinite horrors of the Abyss.
 81646 | Depths:4 | Found Wenn's Jewellery Shop.
 81949 | Depths:5 | Entered Level 5 of the Depths
 82408 | Depths:5 | Noticed a juggernaut
 82664 | Depths:5 | Killed a juggernaut
 82981 | Depths:5 | Found a gate to the Realm of Zot.
 83907 | Depths:5 | Found a corrupted altar of Lugonu.
 84355 | Depths:5 | Reached skill level 10 in Short Blades
 84583 | Depths:5 | Voluntarily entered the Abyss.
 84826 | Depths:5 | Escaped the Abyss
 84831 | Depths:5 | Voluntarily entered the Abyss.
 84908 | Abyss:2  | Found a corrupted altar of Lugonu.
 85019 | Abyss:2  | Found a corrupted altar of Lugonu.
 85274 | Abyss:4  | Found a corrupted altar of Lugonu.
 85884 | Abyss:4  | Got an abyssal rune of Zot
 86126 | Depths:5 | Escaped the Abyss
 86216 | Zot:1    | Entered Level 1 of the Realm of Zot
 86992 | Zot:1    | Reached XP level 25. HP: 137/137 MP: 45/45
 89007 | Zot:2    | Identified Sif Muna's Disquisition on Air and Unholy Arts
 90486 | Zot:3    | Reached skill level 10 in Necromancy
 91332 | Zot:4    | Reached XP level 26. HP: 129/144 MP: 39/45
 91959 | Zot:5    | Entered Level 5 of the Realm of Zot
 92554 | Zot:5    | Noticed an ancient lich
 92577 | Zot:5    | Killed an ancient lich
 92577 | Zot:5    | Reached skill level 5 in Transmutations
 92642 | Zot:5    | Noticed an orb of fire
 93053 | Zot:5    | Noticed an ancient lich
 93059 | Zot:5    | Killed an ancient lich
 93905 | Vaults:5 | Entered Level 5 of the Vaults
 94176 | Vaults:5 | Noticed Bai Suzhen
 94211 | Vaults:5 | Reached skill level 10 in Transmutations
 94213 | Vaults:5 | Killed Bai Suzhen
 94691 | Vaults:5 | Got a silver rune of Zot
 94704 | Vaults:5 | Got a transparent ivory ring
 94705 | Vaults:5 | Identified the ring of Migam {*Contam +Fly rF+ rN++ MP+9} (You found it on level 5 of the Vaults)
 94961 | Vaults:5 | Noticed an ancient lich
 95039 | Vaults:5 | Killed an ancient lich
 95039 | Vaults:5 | Reached XP level 27. HP: 126/148 MP: 28/45
 95209 | Vaults:5 | Identified Ryabbaor's Guide on Aid and Ignition
 95313 | Vaults:5 | Got a shimmering ruby amulet
 95318 | Vaults:5 | Identified the amulet of Adeynn {RegenMP rN+ Str+2} (You took it off a yaktaur on level 5 of the Vaults)
 95614 | Vaults:5 | Found Ciud's Food Boutique.
 95936 | Vaults:5 | Found Imuozel's Food Shoppe.
 96861 | Crypt:1  | Entered Level 1 of the Crypt
 96944 | Crypt:1  | Learned a level 5 spell: Dispel Undead
 97423 | Crypt:1  | Reached skill level 15 in Transmutations
 98233 | Crypt:2  | Reached skill level 15 in Necromancy
 98887 | Crypt:3  | Entered Level 3 of the Crypt
 99137 | Crypt:3  | Found a staircase to the Tomb.
 99506 | Crypt:3  | Noticed an ancient lich
 99519 | Crypt:3  | Killed an ancient lich
 99648 | Crypt:3  | Identified the ring of Lady Luck {rN+ MR+ Stlth+} (You found it on level 3 of the Crypt)
100253 | D:6      | Bought a Necronomicon for 1435 gold pieces
100262 | D:6      | Learned a level 8 spell: Necromutation
100274 | D:6      | BYEBYE DRAGON KING ARMOR
100594 | Zig:1    | Entered Level 1 of a ziggurat
100947 | Zig:2    | Entered Level 2 of a ziggurat
101068 | Zig:3    | Entered Level 3 of a ziggurat
101311 | Zig:4    | Entered Level 4 of a ziggurat
101428 | Zig:5    | Entered Level 5 of a ziggurat
101433 | Zig:5    | Noticed Dympater the pandemonium lord
101440 | Zig:6    | Entered Level 6 of a ziggurat
101495 | Zig:6    | Identified the ring of Summer {*Contam rPois rC+ Int+3 Stlth+} (You found it on level 6 of a ziggurat)
101610 | Zig:7    | Entered Level 7 of a ziggurat
101659 | Zig:7    | Identified the Almanac of Fire and Venom
101661 | Zig:7    | Identified the cursed +1 dagger "Fedghunumn" {venom, rN+ Str+5} (You found it on level 7 of a ziggurat)
101691 | Zig:7    | Learned a level 8 spell: Infestation
101694 | Zig:8    | Entered Level 8 of a ziggurat
101819 | Zig:9    | Entered Level 9 of a ziggurat
101834 | Zig:10   | Entered Level 10 of a ziggurat
101884 | Zig:10   | Identified Barrienat's Incunabulum of Burning Companions
101886 | Zig:10   | Identified the ring of the Country {rElec MP+9 Str-4 Int-3 Stlth+} (You found it on level 10 of a ziggurat)
102030 | Zig:11   | Entered Level 11 of a ziggurat
102065 | Zig:11   | Identified Sif Muna's Compendium of Feathers and the Volcanoes
102192 | Zig:12   | Entered Level 12 of a ziggurat
102192 | Zig:12   | Noticed Ijustatesigmund's ghost (legendary HOFi)
102203 | Zig:12   | Killed Ijustatesigmund's ghost
102804 | Tomb:1   | Entered Level 1 of the Tomb of the Ancients
103566 | Tomb:1   | Noticed a greater mummy
103987 | Tomb:1   | Killed a greater mummy
104690 | Tomb:1   | Noticed a greater mummy
104694 | Tomb:1   | Noticed a greater mummy
104697 | Tomb:1   | Noticed a greater mummy
104880 | Tomb:1   | Killed a greater mummy
104903 | Tomb:1   | Killed a greater mummy
104985 | Tomb:1   | Noticed a greater mummy
104991 | Tomb:1   | Killed a greater mummy
105115 | Tomb:1   | Noticed a greater mummy
105123 | Tomb:1   | Killed a greater mummy
105167 | Tomb:1   | Noticed a greater mummy
105177 | Tomb:1   | Noticed a greater mummy
105274 | Tomb:1   | Killed a greater mummy
105538 | Tomb:1   | Killed a greater mummy
105540 | Tomb:1   | Killed a greater mummy
105717 | Tomb:1   | Noticed a greater mummy
105723 | Tomb:1   | Killed a greater mummy
105767 | Tomb:1   | Noticed a greater mummy
105773 | Tomb:1   | Killed a greater mummy
105779 | Tomb:1   | Noticed a greater mummy
105789 | Tomb:1   | Noticed a greater mummy
105792 | Tomb:1   | Killed a greater mummy
105996 | Tomb:1   | Killed a greater mummy
106011 | Tomb:1   | Noticed a greater mummy
106027 | Tomb:1   | Killed a greater mummy
106196 | Tomb:1   | Noticed a greater mummy
106200 | Tomb:1   | Noticed a greater mummy
106200 | Tomb:1   | Killed a greater mummy
106204 | Tomb:1   | Noticed a greater mummy
106206 | Tomb:1   | Killed a greater mummy
106210 | Tomb:1   | Killed a greater mummy
106369 | Tomb:1   | Noticed a greater mummy
106378 | Tomb:1   | Killed a greater mummy
106571 | Tomb:1   | Noticed a greater mummy
106582 | Tomb:1   | Killed a greater mummy
106587 | Tomb:1   | Noticed a greater mummy
106609 | Tomb:1   | Killed a greater mummy
106814 | Tomb:1   | Noticed a greater mummy
106834 | Tomb:1   | Killed a greater mummy
106972 | Tomb:1   | Noticed a greater mummy
107046 | Tomb:1   | Killed a greater mummy
107175 | Tomb:2   | Noticed a greater mummy
107763 | Tomb:3   | Entered Level 3 of the Tomb of the Ancients
107777 | Tomb:3   | Noticed an ancient lich
107779 | Tomb:3   | Killed an ancient lich
107819 | Tomb:3   | Noticed a greater mummy
107824 | Tomb:3   | Noticed a greater mummy
107825 | Tomb:3   | Killed a greater mummy
107829 | Tomb:3   | Killed a greater mummy
108057 | Tomb:3   | Noticed a greater mummy
108058 | Tomb:3   | Noticed a greater mummy
108064 | Tomb:3   | Noticed a greater mummy
108067 | Tomb:3   | Noticed a greater mummy
108088 | Tomb:2   | Killed a greater mummy
108567 | Tomb:3   | Killed a greater mummy
108585 | Tomb:3   | Killed a greater mummy
108754 | Tomb:3   | Killed a greater mummy
108962 | Tomb:3   | Got a steaming marble ring
108963 | Tomb:3   | Identified the ring "Togruste" {*Tele rF+ Str+4} (You found it on level 3 of the Tomb of the Ancients)
108975 | Tomb:3   | Got a translucent scarf
108986 | Tomb:3   | Identified the scarf "Hist" {rF+ rN+ Slay-3} (You found it on level 3 of the Tomb of the Ancients)
109250 | Tomb:3   | Noticed a greater mummy
109254 | Tomb:3   | Killed a greater mummy
109254 | Tomb:3   | Reached skill level 15 in Translocations
109262 | Tomb:3   | Got a golden rune of Zot
109298 | Tomb:3   | Noticed a greater mummy
109335 | Tomb:3   | Killed a greater mummy
110073 | Hell     | Found a gateway to the freezing wastes of Cocytus.
110734 | Hell     | Found a gateway to the Iron City of Dis.
111287 | Hell     | Found a gateway to the decaying netherworld of Tartarus.
111635 | Hell     | Reached skill level 10 in Charms
111991 | Lair:6   | Learned a level 8 spell: Controlled Blink
112274 | Pan      | Entered Pandemonium
112342 | Pan      | Found an exit through the horrors of the Abyss.
112827 | Pan      | Noticed Kabiopsa the pandemonium lord
112858 | Pan      | Reached skill level 15 in Dodging
112947 | Pan      | Found an exit through the horrors of the Abyss.
113639 | Pan      | Noticed Wotos the pandemonium lord
113912 | Pan      | Got a demonic rune of Zot
114243 | Pan      | Identified the scarf of Context {Int+6} (You found it in Pandemonium)
114320 | Pan      | Found an exit through the horrors of the Abyss.
114725 | Pan      | Noticed Awnius the pandemonium lord
115312 | Pan      | Took an exit into the Abyss.
115312 | Abyss:1  | Escaped into the Abyss
115312 | Abyss:1  | Found a corrupted altar of Lugonu.
115312 | Abyss:1  | Found a corrupted altar of Lugonu.
115320 | Abyss:1  | Found a transporter.
115428 | Depths:3 | Escaped the Abyss
115965 | Depths:3 | Killed Jory
116027 | Pan      | Entered Pandemonium
116103 | Pan      | Found an exit through the horrors of the Abyss.
116209 | Pan      | Found an exit through the horrors of the Abyss.
116943 | Pan      | Found an exit through the horrors of the Abyss.
117088 | Pan      | Entered the realm of Mnoleg.
117302 | Pan      | Noticed Mnoleg
117654 | Pan      | Got a glowing rune of Zot
118369 | Pan      | Entered the realm of Gloorx Vloq.
118369 | Pan      | Found an exit through the horrors of the Abyss.
119592 | Pan      | Noticed Gloorx Vloq
120138 | Pan      | Got a dark rune of Zot
120412 | Pan      | Reached skill level 10 in Armour
120600 | Pan      | Found an exit through the horrors of the Abyss.
122627 | Pan      | Found a glowing silver altar of Zin.
123042 | Pan      | Identified the +3 long sword "Kaledghynt" {slice, Str+2} (You found it in Pandemonium)
123304 | Pan      | Found a white marble altar of Elyvilon.
123535 | Pan      | Noticed a seraph
123704 | Pan      | Found a glowing golden altar of the Shining One.
123711 | Depths:3 | Escaped Pandemonium
123726 | Pan      | Entered Pandemonium
123797 | Pan      | Entered the realm of Cerebov.
123838 | Pan      | Noticed Cerebov
123851 | Pan      | Killed Cerebov
124251 | Pan      | Noticed Mennas
124278 | Pan      | Found an exit through the horrors of the Abyss.
124399 | Pan      | Got a fiery rune of Zot
124440 | Pan      | Identified the +7 rapier of Iveseix {freeze, Str+2 Dex+5} (You took it off a balrug in Pandemonium)
124504 | Pan      | Identified the Reference Book on Doomed Talismans
124523 | Pan      | Entered the realm of Lom Lobon.
124588 | Pan      | Found an exit through the horrors of the Abyss.
125626 | Pan      | Noticed Lom Lobon
125640 | Pan      | Killed Lom Lobon
125898 | Pan      | Got a magical rune of Zot
126033 | Pan      | Took an exit into the Abyss.
126033 | Abyss:1  | Escaped into the Abyss
126033 | Abyss:1  | Found a corrupted altar of Lugonu.
126225 | Depths:3 | Escaped the Abyss
126320 | Depths:3 | You paid a toll of 12 scrolls of teleportation to enter a treasure trove
126321 | Trove    | Entered a treasure trove
126330 | Trove    | Got a slimy rapier
126331 | Trove    | Identified the +6 rapier "Qikodikk" {freeze, rPois MR++ Int-2} (You found it in a treasure trove)
126336 | Trove    | Got a fine rapier
126347 | Trove    | Got a smoking rapier
126349 | Trove    | Identified the +6 rapier of the Horn {pierce, rF+} (You found it in a treasure trove)
126351 | Trove    | Identified the +7 rapier "Hoamol" {antimagic, Int+6} (You found it in a treasure trove)
126467 | Coc:1    | Entered Level 1 of Cocytus
126792 | Coc:7    | Entered Level 7 of Cocytus
127281 | Coc:7    | Noticed Antaeus
127326 | Coc:7    | Got an icy rune of Zot
127530 | Hell     | Found a gateway to the ashen valley of Gehenna.
127631 | Geh:1    | Entered Level 1 of Gehenna
128038 | Geh:7    | Entered Level 7 of Gehenna
128406 | Geh:7    | Got a bound marble ring
128407 | Geh:7    | Identified the ring "Cisulub" {AC+3 Dex+2} (You found it on level 7 of Gehenna)
129175 | Zot:5    | Noticed an orb of fire
129188 | Zot:5    | Noticed an orb of fire
129192 | Zot:5    | Killed an orb of fire
129193 | Zot:5    | Noticed an orb of fire
129200 | Zot:5    | Gained mutation: You tend to lose your temper in combat. [an orb of fire]
129202 | Zot:5    | Killed an orb of fire
129218 | Zot:5    | Killed an orb of fire
129662 | Zot:5    | Got the Orb of Zot
130356 | D:$      | Escaped with the Orb!

Skill      XL: |  1  2  3  4  5  6  7  8  9 10 11 12 13 14 15 16 17 18 19 20 21 22 23 24 25 26 27 |
---------------+----------------------------------------------------------------------------------+-----
Fighting       | 1 2 3 5 6 8 9 10 12 13 14 15 16 20 | 20.3
Spellcasting   | 3 4 5 6 7 8 9 11 12 15 16 17 22 | 22.0
Short Blades   | 1 2 6 9 10 13 | 13.7
Ice Magic      | 3 4 5 6 7 |  7.3
Dodging        | 4 6 8 9 10 12 13 14 18 | 18.0
Summonings     | 1 2 3 5 6 |  6.3
Long Blades    | 1 3 4 6 8 9 10 11 12 | 12.9
Stealth        | 4 8 9 10 14 16 17 | 17.0
Charms         | 5 7 8 10 | 10.1
Evocations     | 2 6 7 8 |  8.2
Invocations    | 5 6 7 9 12 14 16 18 22 | 22.9
Translocations | 7 11 12 14 19 | 19.1
Air Magic      | 3 4 |  4.7
Transmutations | 2 12 17 | 17.0
Conjurations   | 3 4 |  4.1
Earth Magic    | 4 6 7 |  7.2
Shields        | 1 7 |  7.9
Necromancy     | 3 6 7 10 13 20 | 20.4
Hexes          | 3 |  3.2
Armour         | 6 7 11 | 11.0

Action                   |  1- 3 |  4- 6 |  7- 9 | 10-12 | 13-15 | 16-18 | 19-21 | 22-24 | 25-27 || total
-------------------------+-------+-------+-------+-------+-------+-------+-------+-------+-------++-------
Melee: Unarmed           |     1 |       |       |       |       |       |       |       |       ||     1
       Dagger            |    28 |       |       |       |     1 |   167 |    14 |       |       ||   210
       Short sword       |    12 |    72 |    35 |       |       |       |       |    20 |       ||   139
       Falchion          |       |       |   181 |   557 |  1536 |  1718 |   367 |       |       ||  4359
       Demon blade       |       |       |       |       |       |    68 |     7 |       |       ||    75
       Rapier            |       |       |       |       |       |       |  1774 |  1404 |  5933 ||  9111
       Scimitar          |       |       |       |       |       |       |     4 |    60 |       ||    64
 Fire: Blowgun           |       |       |    22 |       |       |       |       |       |       ||    22
Throw: Stone             |     1 |    15 |    14 |     1 |       |       |       |       |       ||    31
       Throwing net      |       |       |       |       |       |     2 |     1 |     1 |     1 ||     5
 Cast: Freeze            |    62 |    89 |    64 |   131 |   172 |       |       |       |       ||   518
       Throw Frost       |     2 |    12 |    52 |   139 |   244 |    64 |       |       |       ||   513
       Ozocubu's Armour  |       |     5 |     1 |     3 |     6 |    41 |       |       |       ||    56
       Summon Ice Beast  |       |       |    22 |    91 |   157 |    61 |    11 |     7 |       ||   349
       Shroud of Golubri |       |       |       |     1 |       |       |       |       |       ||     1
       Regeneration      |       |       |       |       |    20 |    71 |    69 |    35 |    78 ||   273
       Spectral Weapon   |       |       |       |       |    27 |    38 |    51 |    24 |   222 ||   362
       Mephitic Cloud    |       |       |       |       |    22 |     5 |       |       |       ||    27
       Blink             |       |       |       |       |    10 |     8 |    12 |     7 |    14 ||    51
       Apportation       |       |       |       |       |     4 |    10 |     3 |     3 |     7 ||    27
       Summon Lightning  |       |       |       |       |    60 |    93 |    17 |    10 |    10 ||   190
       Animate Dead      |       |       |       |       |       |    45 |    30 |    19 |    28 ||   122
       Lee's Rapid Decon |       |       |       |       |       |     5 |    73 |    42 |   121 ||   241
       Passage of Golubr |       |       |       |       |       |     3 |     1 |     1 |     8 ||    13
       Control Undead    |       |       |       |       |       |     1 |     4 |    12 |   120 ||   137
       Passwall          |       |       |       |       |       |       |       |       |     4 ||     4
       Dispel Undead     |       |       |       |       |       |       |       |       |   145 ||   145
       Necromutation     |       |       |       |       |       |       |       |       |   145 ||   145
       Controlled Blink  |       |       |       |       |       |       |       |       |    20 ||    20
       Lesser Beckoning  |       |       |       |       |       |       |       |       |     5 ||     5
       Deflect Missiles  |       |       |       |       |       |       |       |       |     4 ||     4
       Infestation       |       |       |       |       |       |       |       |       |     2 ||     2
Invok: Grand Finale      |       |       |       |       |       |       |       |       |     2 ||     2
 Abil: Evoke Invisibilit |       |       |       |       |       |       |     1 |     1 |    19 ||    21
       End Transformatio |       |       |       |       |       |       |       |       |    11 ||    11
       Evoke Flight      |       |       |       |       |       |       |       |       |     1 ||     1
Evoke: Wand              |       |       |     3 |    15 |    54 |    65 |    29 |    13 |    39 ||   218
       Sack of spiders   |       |       |       |       |     2 |       |       |       |     4 ||     6
       Box of beasts     |       |       |       |       |     1 |       |     2 |       |     4 ||     7
       Lightning rod     |       |       |       |       |       |     4 |     8 |     5 |     6 ||    23
       Phantom mirror    |       |       |       |       |       |     1 |     1 |       |       ||     2
       Lamp of fire      |       |       |       |       |       |       |     1 |     2 |     4 ||     7
       Fan of gales      |       |       |       |       |       |       |       |     1 |     1 ||     2
       Phial of floods   |       |       |       |       |       |       |       |       |     1 ||     1
  Use: Scroll            |     2 |     3 |     9 |     8 |    15 |    17 |    34 |     5 |    48 ||   141
       Potion            |       |     2 |       |     2 |    11 |    11 |    19 |     6 |    38 ||    89
 Stab: Sleeping          |    12 |     7 |    13 |    29 |    27 |    30 |    23 |    20 |    68 ||   229
       Paralysed         |       |       |     3 |    27 |    95 |    98 |    95 |    72 |   273 ||   663
       Distracted        |       |       |     1 |     4 |    22 |    32 |    39 |    28 |   133 ||   259
       Confused          |       |       |       |     4 |    37 |    38 |     7 |       |       ||    86
       Held in net/web   |       |       |       |       |       |     2 |     2 |     2 |     2 ||     8
       Invisible         |       |       |       |       |       |       |     6 |     2 |    64 ||    72
  Eat: Royal jelly       |       |     1 |     3 |     3 |     4 |     7 |     5 |     1 |     5 ||    29
       Fruit             |       |       |     1 |       |     6 |     4 |     9 |     4 |    15 ||    39
       Bread ration      |       |       |       |     3 |     2 |     2 |     1 |     1 |     4 ||    13
Armor: Robe              |     4 |    16 |    21 |    30 |    43 |    32 |       |       |       ||   146
       Skin              |       |       |       |       |       |    23 |       |       |       ||    23
       Fire dragon scale |       |       |       |       |       |    21 |    48 |       |       ||    69
       Swamp dragon scal |       |       |       |       |       |       |   149 |   166 |   794 ||  1109
       Acid dragon scale |       |       |       |       |       |       |    25 |       |       ||    25
Dodge: Dodged            |    62 |   108 |   192 |   554 |  1585 |  1246 |   974 |   702 |  3200 ||  8623
       Deflected         |       |       |       |       |       |       |       |       |    29 ||    29
Block: Buckler           |       |       |       |       |       |   262 |   560 |   398 |  2022 ||  3242
       Reflection        |       |       |       |       |       |       |     6 |     8 |    26 ||    40
       Rpst.: Falchion   |       |       |    51 |   159 |   394 |   265 |    41 |       |       ||   910
       Demon blade       |       |       |       |       |       |     9 |       |       |       ||     9
       Scimitar          |       |       |       |       |       |       |       |     4 |       ||     4
